Map: [EWC] Site Delta

Players

Maru - Winner!

  • Race: Terran Terran
  • Spawn Location: 5:00

Cure

  • Race: Terran Terran
  • Spawn Location: 11:00

Event: Esports World Cup 2024

VOD

Have the link to the VOD?

Description

Time

  • Played on: Aug. 17, 2024, 10:52 a.m.
  • Length: 9:07

All games in this series

Show
View Real Time Build Order
Export as new Build Order

Maru Terran - Winner!

Build Orders:  

Get SALT Encoding   

  12  0:00  SCV  
  13  0:16  Supply Depot  
  13  0:18  SCV  
  14  0:38  Barracks  
  14  0:41  Refinery  
  14  0:53  Barracks  
  14  0:57  SCV  
  15  1:09  SCV  
  16  1:25  Orbital Command, Reaper  
  17  1:30  Refinery  
  17  1:42  Reaper  
  18  1:51  SCV  
  19  1:56  Supply Depot  
  19  1:58  Reaper  
  20  2:03  SCV  
  21  2:14  Reaper  
  23  2:15  SCV  
  23  2:27  SCV  
  23  2:30  Reaper  
  23  2:35  Factory  
  24  2:39  SCV  
  25  2:52  SCV  
  26  2:59  Command Center  
  26  3:04  SCV  
  27  3:08  Supply Depot  
  27  3:16  SCV  
  28  3:20  Starport  
  28  3:21  Factory Reactor  
  28  3:28  SCV  
  29  3:40  SCV  
  29  3:47  Command Center  
  29  3:54  SCV  
  30  3:59  Medivac  
  30  4:02  Cyclone  
  34  4:09  Cyclone  
  36  4:11  SCV  
  37  4:17  Orbital Command  
  37  4:23  SCV  
  38  4:31  Starport Tech Lab  
  38  4:32  Refinery  
  38  4:35  SCV  
  39  4:44  Cyclone x2  
  43  4:46  SCV  
  43  4:47  SCV  
  45  4:53  Raven  
  45  4:54  Interference Matrix  
  45  4:58  SCV  
  48  5:00  SCV  
  48  5:03  Orbital Command  
  48  5:10  SCV  
  48  5:12  SCV  
  50  5:21  Supply Depot  
  50  5:22  SCV  
  50  5:24  SCV, Marine x2, Factory Tech Lab  
  50  5:28  Raven  
  56  5:31  SCV  
  56  5:34  SCV  
  58  5:36  SCV  
  58  5:42  Marine  
  60  5:43  SCV, Siege Tank  
  60  5:45  Barracks  
  60  5:46  SCV, Barracks  
  60  5:48  SCV  
  60  5:49  Supply Depot  
  66  5:58  SCV x2  
  66  5:59  Refinery  
  66  6:00  Engineering Bay  
  66  6:01  Engineering Bay  
  68  6:05  SCV  
  68  6:10  SCV  
  70  6:11  Starport Reactor  
  70  6:12  SCV  
  70  6:15  Marine, Stimpack  
  70  6:16  Siege Tank  
  70  6:18  SCV  
  76  6:21  Barracks  
  76  6:28  Supply Depot, Barracks  
  76  6:32  Terran Infantry Weapons Level 1, Marine, Terran Infantry Armor Level 1, SCV  
  77  6:35  Barracks Tech Lab  
  77  6:41  SCV  
  77  6:46  Marine x2  
  80  6:47  Orbital Command  
  80  6:48  Medivac  
  80  6:50  Marine  
  80  6:51  SCV  
  80  6:53  SCV  
  85  6:55  Combat Shield, Marine  
  85  6:56  Supply Depot  
  86  7:02  Siege Tank  
  86  7:03  SCV  
  86  7:04  Marine x2  
  86  7:06  SCV  
  86  7:07  Supply Depot, Missile Turret  
  93  7:14  Orbital Command  
  93  7:17  Marine x4  
  93  7:22  Marine x2  
  99  7:33  Medivac x2  
  99  7:35  Marine x4  
  105  7:40  Marine x2  
  105  7:44  Supply Depot  
  107  7:51  Supply Depot x2, Armory  
  107  7:53  Marine x2  
  109  8:05  Siege Tank, Marine x4  
  116  8:11  Marine  
  117  8:13  Medivac  
  117  8:17  Marine  
  93  8:23  Marine  
  93  8:24  SCV x2  
  93  8:25  Marine x2  
  92  8:28  Marine  
  92  8:29  Marine  
  94  8:35  Marine  
  94  8:36  Medivac  
  94  8:41  Marine  
  101  8:43  Marine  
  101  8:46  Marine  
  101  8:47  Marine x2  
Show
View Real Time Build Order
Export as new Build Order

Cure Terran 

Build Orders: Reaper Expand 

Get SALT Encoding   

  12  0:00  SCV  
  13  0:12  SCV  
  14  0:17  Supply Depot  
  14  0:24  SCV  
  15  0:39  SCV  
  15  0:40  Barracks  
  16  0:43  Refinery  
  16  0:51  SCV  
  17  1:03  SCV  
  18  1:15  SCV  
  19  1:27  Orbital Command, Reaper  
  20  1:38  Command Center  
  20  1:47  Supply Depot  
  20  1:53  SCV  
  21  1:59  Marine  
  22  2:05  SCV  
  22  2:07  Factory  
  23  2:14  Refinery  
  23  2:17  SCV  
  23  2:20  Marine  
  24  2:29  SCV  
  25  2:34  Command Center  
  25  2:37  Marine  
  25  2:41  SCV  
  27  2:51  Supply Depot, Hellion  
  27  2:53  SCV  
  27  2:55  Marine  
  31  3:05  Starport  
  31  3:13  SCV  
  31  3:14  Cyclone  
  31  3:19  Barracks Reactor  
  34  3:25  SCV  
  35  3:37  SCV  
  36  3:42  Medivac  
  36  3:46  Cyclone  
  40  3:49  SCV  
  41  3:56  Marine x2  
  41  4:00  Refinery  
  41  4:01  SCV  
  44  4:05  Orbital Command  
  44  4:13  SCV  
  44  4:14  Marine x2  
  47  4:18  Starport Tech Lab  
  47  4:20  Factory Tech Lab  
  47  4:25  SCV  
  48  4:35  SCV  
  48  4:37  SCV  
  52  4:40  Raven  
  52  4:42  Command Center  
  52  4:47  Interference Matrix  
  52  4:50  Supply Depot, SCV  
  52  4:51  SCV  
  54  4:54  Supply Depot  
  54  5:12  SCV x2, Marine x2, Siege Tank  
  61  5:18  Raven  
  61  5:20  Supply Depot  
  63  5:24  SCV x2  
  65  5:29  Refinery  
  65  5:30  Marine x2  
  65  5:35  Barracks  
  67  5:41  SCV x2, Barracks  
  69  5:46  Siege Tank  
  72  5:53  SCV x2  
  72  5:57  Orbital Command  
  74  6:05  SCV x2  
  74  6:07  Marine, Engineering Bay, Viking  
  74  6:08  Engineering Bay  
  74  6:11  Viking  
  80  6:18  Siege Tank, Stimpack  
  80  6:20  SCV  
  80  6:22  SCV  
  80  6:24  Orbital Command, Barracks Reactor  
  85  6:25  Marine  
  85  6:27  Barracks Reactor  
  86  6:34  Supply Depot, Terran Infantry Weapons Level 1  
  86  6:35  Supply Depot  
  86  6:36  Terran Infantry Armor Level 1  
  86  6:41  SCV x2  
  86  6:43  Marine  
  89  6:48  Viking  
  89  6:49  Viking  
  93  6:55  SCV x2  
  93  6:56  Siege Tank  
  98  7:01  Marine  
  98  7:03  Marine x2  
  98  7:04  Marine x2  
  98  7:08  Supply Depot  
  103  7:13  SCV x3  
  106  7:20  Barracks x2  
  104  7:25  SCV x3, Marine x3  
  104  7:29  Marine x2  
  111  7:34  Supply Depot  
  111  7:37  SCV x2  
  111  7:38  SCV  
  111  7:42  Siege Tank  
  117  7:48  Armory  
  117  7:56  Marine x5  
  122  7:59  SCV x3  
  125  8:18  Marine x2  
  125  8:19  Siege Tank, Marine x2  
  113  8:22  Barracks Reactor  
  113  8:23  Barracks Reactor  
  113  8:25  Marine, Medivac x2  
  96  8:31  SCV x3  
  97  8:36  Marine x4  
  101  8:43  Marine  
Tags
 
Add a new tag
Caveats
  • Supply blocks, unpowered buildings, or Contaminate may cause inaccurate times.
  • Supply counts are checked every 10 seconds.